 Dungeon Crawl Stone Soup version 0.21-a0-525-ga34b322 (webtiles) character file.

214 Amnesiac the Shooter (level 5, -3/38 HPs)
             Began as a Mummy Arcane Marksman on Dec 7, 2017.
             Slain by Sigmund
             ... wielding a +0 scythe
              (5 damage)
             ... on level 3 of the Dungeon.
             The game lasted 00:08:04 (4371 turns).

Amnesiac the Shooter (Mummy Arcane Marksman)        Turns: 4371, Time: 00:08:05

Health: -3/38      AC: 16    Str: 15    XL:     5   Next: 59%
Magic:  9/9        EV:  7    Int: 12    God:
Gold:   102        SH:  0    Dex: 12    Spells: 7/10 levels left

rFire    x . .     SeeInvis .   a - +0 shortbow
rCold    + . .     Gourm    .   (shield currently unavailable)
rNeg     + + +     Faith    .   q - +0 chain mail
rPois    ∞         Spirit   .   s - +2 helmet
rElec    .         Reflect  .   (no cloak)
rCorr    .         Harm     .   j - +0 pair of gloves
MR       .....                  (no boots)
Stlth    ..........             (no amulet)
HPRegen  0.12/turn              m - +4 ring of protection
MPRegen  0.11/turn              (no ring)

@: very slightly contaminated
A: no food or potions, fire vulnerability, cold resistance 1, negative energy
resistance 3, torment resistance, unbreathing
a: no special abilities


You were on level 3 of the Dungeon.
You were not hungry.

You visited 1 branch of the dungeon, and saw 3 of its levels.

You collected 102 gold pieces.

Inventory:

Hand Weapons
 a - a +0 shortbow (weapon)
 b - a +0 hunting sling
 o - a +0 short sword
Missiles
 d - 29 arrows (quivered)
 i - 4 tomahawks
 n - 3 javelins
 p - 153 stones
Armour
 j - a +0 pair of gloves (worn)
 q - a +0 chain mail (worn)
 s - a +2 helmet (worn)
Jewellery
 m - a +4 ring of protection (left hand)
 t - a +3 ring of intelligence {unknown}
Scrolls
 f - a scroll of teleportation {!r, unknown}
 g - a scroll of enchant weapon {!r, unknown}
 h - a scroll of identify {!r}
 k - a scroll of fear {!r, unknown}
 l - a scroll of remove curse {!r}
 r - 2 scrolls of amnesia {!r}
Books
 c - a book of Debilitation

   Spells                             Type                      Level
   a - Corona                         Hexes                        1
   b - Slow                           Hexes                        2
   c - Inner Flame                    Hexes/Fire                   3
   d - Portal Projectile              Hexes/Translocation          3
   e - Cause Fear                     Hexes                        4
   f - Leda's Liquefaction            Hexes/Earth                  4


   Skills:
 + Level 2.1 Fighting
 * Level 3.2 Bows
 + Level 1.8 Armour
 + Level 1.7 Dodging
 + Level 3.1 Spellcasting
 - Level 3.0 Hexes


You had 7 spell levels left.
You knew the following spells:

 Your Spells              Type           Power        Failure   Level  Hunger
a - Corona                Hex            #......      85%         1    N/A
e - Slow                  Hex            #.......     94%         2    N/A

Dungeon Overview and Level Annotations

Branches:
Dungeon (3/15)

Altars:

Annotations:
D:3 Sigmund


Innate Abilities, Weirdness & Mutations

You do not eat or drink.
Your flesh is vulnerable to fire.
You are immune to poison.
Your flesh is cold resistant. (rC+)
You are immune to negative energy. (rN+++)
You are immune to unholy pain and torment.
You can survive without breathing.


Message History

No target in view!
No target in view!
No target in view!
You hear some strange, mumbled words.
You are confused.
You bump into the rock wall.
You hear some strange, mumbled words.
A puff of flame appears from out of thin air!
The puff of flame hits you! The fire burns you terribly!
You clumsily bash something but do no damage.
Something hits you! Something hits you.
* * * LOW HITPOINT WARNING * * *
You feel less confused.
You hear some strange, mumbled words.
A magic dart appears from out of thin air!
The magic dart hits you!
* * * LOW HITPOINT WARNING * * *
Something hits you but does no damage.
Okay, then.
Casting: Corona
Confirm with . or Enter, or press ? or * to list all spells.
Aiming: Corona
Press: ? - help, Shift-Dir - straight line You miscast Corona.
You are very lightly contaminated with residual magic.
Your skin tingles.
You hear some strange, mumbled words.
Something tries to affect you, but you resist.
Unknown command.
Casting: Corona
Confirm with . or Enter, or press ? or * to list all spells.
Aiming: Corona
Press: ? - help, Shift-Dir - straight line You miscast Corona.
Nothing appears to happen.
Unknown command.
A puff of flame appears from out of thin air!
The puff of flame hits you! The fire burns you terribly!
* * * LOW HITPOINT WARNING * * *
You can't drink.
Unknown command.
Really read
h - 2 scrolls labeled FIVIOPHEDEWA {!r}?
As you read the scroll labeled FIVIOPHEDEWA {!r}, it crumbles to dust.
It is a scroll of identify.
r - 2 scrolls of amnesia {!r} Really read
l - 2 scrolls labeled TEILAT VOCZI {!r}?
As you read the scroll labeled TEILAT VOCZI {!r}, it crumbles to dust.
You feel as if something is helping you.
It was a scroll of remove curse {!r}.
You hear some strange, mumbled words.
You are confused.
You're too confused!
You can't drink.
Unknown command.
You bump into the rock wall.
Something hits you but does no damage.
You bump into the rock wall.
Something hits you.
* * * LOW HITPOINT WARNING * * *
You bump into the rock wall.
You feel less confused.
Really read
e - a scroll labeled BOASCH JIGOAJEWN {!r}?
As you read the scroll labeled BOASCH JIGOAJEWN {!r}, it crumbles to dust.
You feel aware of your surroundings.
It was a scroll of magic mapping {!r}.
Something hits you.
You die...

#.#,* #.# #.#,* #.#
#.#,* #.# #.#,* #.#
#.#.######## #.#
#.#.....(..# #.#
#.#####**#.# #.#
#.....# #.# #.#
######.# #.# #@#
..####.# #.# #.#
.....#.# #.# #.#
..##.#.####.# #.#
..##.#.#..{.# #.#
..##.#.#.#######.##
#....#.#..........#
#.#..#.############
#....#.........#


There were no monsters in sight!

Vanquished Creatures
  An orc priest (D:3)
  Robin (D:3)
  5 adders
  2 oozes (D:1)
  2 worms
  4 dart slugs (D:1)
  2 leopard geckos (D:2)
  4 orcs
  12 bats
  2 giant cockroaches
  19 goblins
  15 hobgoblins
  5 jackals (D:1)
  6 quokkas
  9 kobolds
  6 rats
95 creatures vanquished.

Notes
Turn   | Place    | Note
-------+----------+-------------------------------------------
     0 | D:1      | Amnesiac the Mummy Arcane Marksman began the quest for the Orb.
     0 | D:1      | Reached XP level 1. HP: 15/15 MP: 2/2
   360 | D:1      | Reached XP level 2. HP: 21/21 MP: 4/4
   758 | D:1      | Reached XP level 3. HP: 22/26 MP: 6/6
  1163 | D:1      | Learned a level 2 spell: Slow
  2205 | D:2      | Reached XP level 4. HP: 28/33 MP: 5/7
  2267 | D:2      | Reached skill level 1 in Armour
  3302 | D:3      | Noticed Robin
  3326 | D:3      | Killed Robin
  3348 | D:3      | Reached XP level 5. HP: 36/38 MP: 9/9
  4329 | D:3      | Noticed Sigmund
  4366 | D:3      | HP: 1/38 [something (3)]
  4371 | D:3      | Slain by Sigmund

Vault maps used:
D:1:      dpeg_cavernosity, hangedman_decor_lopped, item_on_display_a
D:3:      uniq_robin, uniq_sigmund

Skill      XL: |  1  2  3  4  5 |
---------------+----------------+-----
Bows           | 2 3 |  3.2
Spellcasting   | 2 3 |  3.1
Hexes          | 3 |  3.0
Armour         | 1 |  1.8
Fighting       | 2 |  2.1
Dodging        | |  1.7

Action                   |  1- 3 |  4- 6 || total
-------------------------+-------+-------++-------
Melee: Unarmed           |   103 |       ||   103
       Whip              |    10 |    22 ||    32
       Short sword       |       |     1 ||     1
       Shortbow          |       |     1 ||     1
 Fire: Shortbow          |    64 |    31 ||    95
       Hunting sling     |       |   177 ||   177
Throw: Javelin           |     4 |     8 ||    12
       Tomahawk          |       |     8 ||     8
 Cast: Slow              |     8 |     1 ||     9
       Corona            |     7 |    37 ||    44
  Use: Scroll            |       |     3 ||     3
 Stab: Sleeping          |     2 |       ||     2
Armor: Robe              |    39 |       ||    39
       Ring mail         |     4 |    21 ||    25
       Chain mail        |       |   103 ||   103
Dodge: Dodged            |   115 |    95 ||   210

Table legend:
 A = Spawn XP
 B = Non-spawn XP
 C = Spawn XP percentage of total XP
 D = Spawn monster count
 E = Non-spawn monster count
 F = Spawn count percentage of total count
 G = Total turns spent on level
                    A         B        C        D         E        F      G
               +---------+---------+-------+---------+---------+-------+---------
         Total |       0 |     306 |   0.0 |       0 |      95 |   0.0 |  4371
               +---------+---------+-------+---------+---------+-------+---------
           D:1 |       0 |      72 |   0.0 |       0 |      31 |   0.0 |  2139
           D:2 |       0 |      80 |   0.0 |       0 |      32 |   0.0 |  1138
           D:3 |       0 |     154 |   0.0 |       0 |      32 |   0.0 |  1094
               +---------+---------+-------+---------+---------+-------+---------
